[Event "*** Titled Tuesday Blitz"]
[Site "Chess.com"]
[Date "2021.02.16"]
[Round "3"]
[White "The_filthy"]
[Black "markowskitomasz"]
[Result "0-1"]
[WhiteElo "2332"]
[BlackElo "2589"]
[TimeControl "180+1"]
[EndTime "10:30:24 PST"]
[Termination "markowskitomasz won by resignation"]

1. e4 c5 2. Nf3 Nc6 3. d4 cxd4 4. Nxd4 e5 5. Nb5 d6 6. N1c3 a6 7. Na3 Be6 8. Nd5 Nf6 9. Bg5 Bxd5 10. Bxf6 Qa5+ 11.
c3 Be6 12. Bg5 h6 13. Bd2 Be7 14. Bd3 O-O 15. O-O b5 16. Nc2 Rfd8 17. Ne3 Bg5 18. Nd5 Bxd2 19. Qxd2 Bxd5 20. exd5 Ne7 21. Bc2 f5 22. f4 Qb6+ 23. Kh1 e4 24. Rad1 Rf8 25.
Rfe1 h5 26. Qe2 g6 27. Rd4 Kg7 28. Red1 Ng8 29. a4 Nf6 30. axb5 axb5 31. Rb4 Rfb8 32.
c4 Qc5 33. Rxb5 Rxb5 34. cxb5 Ng4 35. Rf1 Ne3 36. Rc1 Rc8 0-1

[Event "*** Titled Tuesday Blitz"]
[Site "Chess.com"]
[Date "2021.02.16"]
[Round "3"]
[White "BvsN"]
[Black "MerryPoppies"]
[Result "1-0"]
[WhiteElo "2368"]
[BlackElo "2180"]
[TimeControl "180+1"]
[EndTime "10:30:24 PST"]
[Termination "BvsN won by checkmate"]

1. c4 e6 2. Nc3 d5 3. d4 Nf6 4.
cxd5 exd5 5. Bg5 Be7 6. e3 c6 7. Bd3 h6 8. Bh4 O-O 9. Nge2 Bg4 10. f3 Bh5 11. Nf4 g5 12. Nxh5 Nxh5 13. Bf2 Nd7 14. Qc2 Ng7 15. h4 gxh4 16. O-O-O c5 17. Kb1 c4 18.
Bh7+ Kh8 19. Nxd5 Nf6 20. Nxe7 Qxe7 21. Bxh4 Qe6 22. Bxf6 Qxf6 23. Be4 Rab8 24. Rh3 b5 25. Rdh1 h5 26. g4 Rfc8 27. Qh2 b4 28. f4 c3 29. b3 Qe6 30. Rxh5+ Nxh5 31. Qxh5+ Kg8 32. Qg5+ Kf8 33. Rh8# 1-0

[Event "*** Titled Tuesday Blitz"]
[Site "Chess.com"]
[Date "2021.02.16"]
[Round "3"]
[White "ZiggyStardust64"]
[Black "IceBelka"]
[Result "1/2-1/2"]
[WhiteElo "2578"]
[BlackElo "2392"]
[TimeControl "180+1"]
[EndTime "10:30:25 PST"]
[Termination "Game drawn by repetition"]

1. c4 e6 2. Nc3 d5 3. d4 c6 4. e4 dxe4 5. Nxe4 Bb4+ 6. Nc3 e5 7.
a3 Bxc3+ 8. bxc3 Qa5 9. Bd2 Nd7 10. Bd3 Ngf6 11. Ne2 e4 12. Bc2 Nb6 13. c5 Nc4 14. O-O Nxd2 15. Qxd2 O-O 16. Ng3 Re8 17. Rfe1 b6 18.
Nxe4 Nxe4 19. Bxe4 Bd7 20. cxb6 axb6 21. h4 g6 22. Bd3 Bf5 23. Bxf5 Qxf5 24. Rxe8+ Rxe8 25. a4 Qg4 26. g3 Re2 27. Qf4 Qxf4 28. gxf4 Rc2 29. Ra3 Kg7 30. Rb3 b5 31. axb5 cxb5 32. Kg2 Kf6 33. Kf3 Ke6 34. Ke3 Kd6 35. f3 Kc6 36.
Ra3 h5 37. f5 Kd5 38. fxg6 fxg6 39. Kd3 Rf2 40. Ke3 Rc2 41. Kd3 Rf2 42. Ke3 Rc2 1/2-1/2

[Event "*** Titled Tuesday Blitz"]
[Site "Chess.com"]
[Date "2021.02.16"]
[Round "3"]
[White "garfield_pg"]
[Black "StockholmMissile"]
[Result "0-1"]
[WhiteElo "2309"]
[BlackElo "2521"]
[TimeControl "180+1"]
[EndTime "10:30:25 PST"]
[Termination "StockholmMissile won by resignation"]

1. e4 e5 2. d4 exd4 3. Nf3 Nc6 4. Nxd4 Bc5 5. Nxc6 Qf6 6. Qd2 bxc6 7. Nc3 Ne7 8.
Qf4 Qxf4 9. Bxf4 d6 10. f3 Ng6 11. Bd2 O-O 12. O-O-O Be6 13. h4 h5 14. Na4 Bf2 15.
b3 Bxh4 16. Be3 c5 17. Ba6 Rab8 18. Rh2 Bg3 19. Rxh5 Bf4 20. Bxf4 Nxf4 21. Rh2 g5 22. Rdh1 Kg7 23. Rh7+ Kf6 24. g3 Ng6 25. Nc3 c6 26. Kd2 Rh8 27. Rxh8 Nxh8 28. Rxh8 Rxh8 29. Ke3 Rh2 0-1

[Event "*** Titled Tuesday Blitz"]
[Site "Chess.com"]
[Date "2021.02.16"]
[Round "3"]
[White "fish7728"]
[Black "MartinMatthiesen"]
[Result "0-1"]
[WhiteElo "2185"]
[BlackElo "2370"]
[TimeControl "180+1"]
[EndTime "10:30:25 PST"]
[Termination "MartinMatthiesen won by resignation"]

1. d4 Nf6 2. c4 e6 3. Nc3 Bb4 4. f3 d5 5. a3 Bxc3+ 6. bxc3 c5 7. e3 O-O 8. cxd5 exd5 9. Bd3 b6 10. Ne2 Ba6 11. O-O Bxd3 12. Qxd3 Nc6 13. e4 dxe4 14. fxe4 cxd4 15. cxd4 Ne5 16. Qh3 Ned7 17. Bg5 Qe8 18. e5 Nd5 19. Ng3 Qe6 20. Nf5 b5 21. Qg4 Rae8 22.
Qf3 f6 23. Bd2 fxe5 24. dxe5 Nxe5 25. Qe4 Nc4 26. Qd3 Nxd2 27. Qxd2 Rxf5 28. Rae1 Rxf1+ 29. Rxf1 Qe3+ 30. Qxe3 Rxe3 0-1

[Event "*** Titled Tuesday Blitz"]
[Site "Chess.com"]
[Date "2021.02.16"]
[Round "3"]
[White "ViditYT"]
[Black "FontVella8"]
[Result "1-0"]
[WhiteElo "3011"]
[BlackElo "2570"]
[TimeControl "180+1"]
[EndTime "10:30:26 PST"]
[Termination "ViditYT won by checkmate"]

1. e4 e6 2. d4 d5 3. Nc3 Bb4 4. e5 c5 5. a3 Ba5 6. b4 cxb4 7. Nb5 Nc6 8. axb4 Bxb4+ 9. c3 Be7 10. Ba3 Bxa3 11. Rxa3 Nh6 12. Nd6+ Kf8 13. Bd3 Qe7 14. f4 f6 15. Ra2 Nf7 16. Nxf7 Qxf7 17. Nf3 g6 18. O-O Kg7 19. exf6+ Qxf6 20. Ne5 Rf8 21. Raf2 Qe7 22. Qg4 Rf6 23. h4 Bd7 24. h5 Nxe5 25. dxe5 Rff8 26. hxg6 h6 27. Qh5 Qc5 28. Kh1 Qxc3 29.
Rf3 Qd2 30. Rh3 Rh8 31. Qh4 Raf8 32. Qe7+ Kg8 33. g7 Rxf4 34. gxh8=Q+ Kxh8 35. Qh7# 1-0

[Event "*** Titled Tuesday Blitz"]
[Site "Chess.com"]
[Date "2021.02.16"]
[Round "3"]
[White "rynos0411"]
[Black "TimofeevAr"]
[Result "0-1"]
[WhiteElo "2461"]
[BlackElo "2875"]
[TimeControl "180+1"]
[EndTime "10:30:26 PST"]
[Termination "TimofeevAr won by resignation"]

1. d4 Nf6 2. c4 b6 3. Nc3 Bb7 4. Nf3 g6 5. e3 Bg7 6. Be2 O-O 7.
O-O d5 8. b3 c5 9. Bb2 cxd4 10.
Nxd4 e5 11. Nf3 e4 12. Nd4 dxc4 13. Bxc4 a6 14. a4 Nbd7 15. Qe2 Ne5 16. Rfd1 Qc7 17.
Rac1 Nxc4 18. bxc4 Rac8 19. Nd5 Nxd5 20. cxd5 Qe5 21.
Rb1 Qd6 22. Nc6 Bxb2 23. Qxb2 Bxc6 24. Qxb6 Rfd8 25. Rbc1 Qd7 26. h3 Bxa4 27. Rxc8 Rxc8 28. Rd4 Bb5 29. Rxe4 Qxd5 30. Re7 Rd8 31. Qf6 Qd1+ 32. Kh2 Qd6+ 33. Qxd6 Rxd6 0-1

[Event "*** Titled Tuesday Blitz"]
[Site "Chess.com"]
[Date "2021.02.16"]
[Round "3"]
[White "GadimbayliA"]
[Black "Krakozia"]
[Result "0-1"]
[WhiteElo "2835"]
[BlackElo "2664"]
[TimeControl "180+1"]
[EndTime "10:30:27 PST"]
[Termination "Krakozia won by resignation"]

1. e4 e5 2. Nf3 Nc6 3. Nc3 Nf6 4.
d4 exd4 5. Nxd4 Bb4 6. Nxc6 bxc6 7. Bd3 O-O 8. O-O d5 9. exd5 cxd5 10. Bg5 c6 11.
Qf3 h6 12. Bxf6 Qxf6 13. Qxf6 gxf6 14. Ne2 Bd6 15. Ng3 Be5 16. Rab1 a5 17. f4 Bd4+ 18. Kh1 Re8 19. c3 Bb6 20. Nh5 Bd8 21. Rbe1 Rxe1 22. Rxe1 Kf8 23. h3 Rb8 24. b3 a4 25. bxa4 Rb2 26. Re2 Rxe2 27. Bxe2 Ke7 28. Bd3 c5 29. Ng3 c4 30. Bf5 Be6 31. Bc2 Kd6 32. Ne2 f5 33.
Kg1 Kc5 34. Kf2 Bf6 35. Ke3 Bd7 36. Kd2 h5 37. a5 Kb5 38. Ng3 d4 39. Bxf5 dxc3+ 40.
Kc2 Bc6 41. Nxh5 Bd4 42. g4 Kxa5 43. Ng3 Kb4 44. h4 Bf2 45. Ne4 Ba4+ 46. Kb1 c2+ 0-1

[Event "*** Titled Tuesday Blitz"]
[Site "Chess.com"]
[Date "2021.02.16"]
[Round "3"]
[White "vaishali2001"]
[Black "MusicCityMaster"]
[Result "1-0"]
[WhiteElo "2586"]
[BlackElo "2381"]
[TimeControl "180+1"]
[EndTime "10:30:27 PST"]
[Termination "vaishali2001 won by resignation"]

1. d4 Nf6 2. c4 c5 3. d5 b5 4. cxb5 a6 5. bxa6 g6 6. Nc3 Bxa6 7. e4 Bxf1 8. Kxf1 d6 9. Nf3 Bg7 10. g3 O-O 11. Kg2 Qb6 12. a4 Na6 13. Nd2 Qb7 14. Nc4 Nb4 15. Re1 Ra6 16. Rb1 Re8 17. b3 e6 18. Nb5 Qb8 19. Bf4 Bf8 20. dxe6 Rxe6 21. Qf3 Nh5 22. Bxd6 Bxd6 23. Nbxd6 Raxd6 24. Nxd6 Qxd6 25. Rbd1 Qe7 26. a5 Nc2 27. Re3 Nxe3+ 28. Qxe3 Rxe4 29. Qf3 Re6 30. Qa8+ Qe8 31. Rd8 Kf8 32. a6 Nf6 33. Rxe8+ Rxe8 34. Qb7 Ne4 35. a7 Nd6 36. Qb8 Rxb8 37. axb8=Q+ Ne8 38. Qc8 1-0

[Event "*** Titled Tuesday Blitz"]
[Site "Chess.com"]
[Date "2021.02.16"]
[Round "3"]
[White "VladimirBugayev"]
[Black "VALPARAISO37"]
[Result "1-0"]
[WhiteElo "2305"]
[BlackElo "2496"]
[TimeControl "180+1"]
[EndTime "10:30:28 PST"]
[Termination "VladimirBugayev won by resignation"]

1. e4 e5 2. Nf3 Nc6 3. d4 exd4 4. Nxd4 Bc5 5. Nb3 Bb6 6. Nc3 Nge7 7. Qe2 d6 8. Be3 O-O 9. O-O-O f5 10. f4 Qe8 11.
g3 Qg6 12. Bg2 Qf7 13. Rhe1 Re8 14. Qd2 Be6 15. Nd5 Bxd5 16. exd5 Nb8 17. a4 Nd7 18. a5 Bxe3 19. Rxe3 b6 20. Rde1 Nc5 21. Nd4 bxa5 22. Qe2 Kf8 23. Ne6+ Nxe6 24. dxe6 Qf6 25. Bxa8 Rxa8 26. Qc4 Rb8 27. Rb3 Rxb3 28. Qxb3 g6 29.
Qb8+ Kg7 30. Qxc7 a4 31. Qxa7 Kh6 32. Qxa4 g5 33. Qe8 gxf4 34. gxf4 Qh4 35. Rg1 Qxf4+ 36.
Kb1 Qe3 37. Qf8+ Kh5 38. Qf7+ Kh6 39. Qg7+ Kh5 40. Qxh7+ Qh6 41. Qxe7 d5 42. Qf7+ Kh4 43.
Qxf5 Qg7 44. Rxg7 1-0

[Event "*** Titled Tuesday Blitz"]
[Site "Chess.com"]
[Date "2021.02.16"]
[Round "3"]
[White "JiiHart"]
[Black "Eliwood44"]
[Result "1-0"]
[WhiteElo "2124"]
[BlackElo "2455"]
[TimeControl "180+1"]
[EndTime "10:30:30 PST"]
[Termination "JiiHart won by checkmate"]

1. e4 e5 2. Nf3 Nc6 3. Bb5 Nf6 4.
O-O d6 5. d4 Bd7 6. Re1 a6 7.
Bxc6 Bxc6 8. dxe5 dxe5 9. Nxe5 Qxd1 10. Rxd1 Bxe4 11. Re1 Bd6 12. Ng4 Nxg4 13. Rxe4+ Ne5 14. f4 O-O-O 15. fxe5 Bc5+ 16. Kf1 f5 17. Re1 h6 18. Be3 Be7 19. Nc3 g5 20. Rad1 Rde8 21. Nd5 f4 22. Bd4 Rh7 23. Nf6 Bxf6 24. exf6 Rf8 25. Re7 Rhf7 26. Rxf7 Rxf7 27. Re1 Kd7 28. h3 b6 29.
Kf2 c5 30. Bc3 Kd6 31. Kf3 h5 32. Re7 Rf8 33. Rg7 b5 34. Rxg5 b4 35. Be5+ Ke6 36. Bxf4 Kxf6 37. Rxc5 Ke6 38. Rxh5 Rc8 39. Rh6+ Kf7 40. Rxa6 Rxc2 41. g4 Rxb2 42. Be5 Rd2 43. Ke4 Re2+ 44. Kf5 Rf2+ 45. Bf4 Rf3 46. h4 b3 47.
axb3 Rxb3 48. h5 Rb5+ 49. Be5 Rb1 50. g5 Rf1+ 51. Bf4 Ke8 52. Ra7 Rb1 53. g6 Rb5+ 54. Be5 Kf8 55. h6 Rb1 56. h7 Rf1+ 57. Bf4 Rh1 58.
Ra8+ Kg7 59. Be5+ Kh6 60. h8=Q# 1-0

[Event "*** Titled Tuesday Blitz"]
[Site "Chess.com"]
[Date "2021.02.16"]
[Round "3"]
[White "LiemLe"]
[Black "kingofthenil"]
[Result "1-0"]
[WhiteElo "2981"]
[BlackElo "2672"]
[TimeControl "180+1"]
[EndTime "10:30:31 PST"]
[Termination "LiemLe won by resignation"]

1. d4 Nf6 2. Nf3 d5 3. Bf4 c5 4. e3 Nc6 5. c3 Qb6 6. Qc2 cxd4 7. exd4 Bf5 8. Qb3 e6 9. Nbd2 Be7 10. Nh4 Be4 11. Be2 O-O 12. Nxe4 Nxe4 13. Nf3 Bd6 14.
Qxb6 axb6 15. Be3 Rfc8 16. O-O Na5 17. Ne1 Nc4 18. Bxc4 dxc4 19. a3 Nf6 20. Nc2 b5 21.
Rae1 Nd5 22. Bc1 Re8 23. g3 f5 24. Kg2 Kf7 25. Kf3 Rg8 26. Ne3 Rae8 27. Nxd5 exd5 28. Bf4 Bxf4 29. Kxf4 Kf6 30. h4 g6 31. Re5 Rxe5 32. dxe5+ Ke6 33. Kg5 Kxe5 34. Re1+ Kd6 35. Kh6 d4 36.
cxd4 b4 37. axb4 Ra8 38. Kxh7 Ra2 39. Rb1 f4 40. Kxg6 f3 41. h5 c3 42. bxc3 Rxf2 43. g4 Rg2 44. g5 f2 45. Rf1 Kd5 46. h6 Ke4 47. h7 Kf3 48. h8=Q 1-0

[Event "*** Titled Tuesday Blitz"]
[Site "Chess.com"]
[Date "2021.02.16"]
[Round "3"]
[White "ObligatePawnivore"]
[Black "harlem4brew"]
[Result "0-1"]
[WhiteElo "1738"]
[BlackElo "2305"]
[TimeControl "180+1"]
[EndTime "10:30:31 PST"]
[Termination "harlem4brew won on time"]

1. c4 e6 2. Nc3 Nf6 3. e4 d6 4. d4 Be7 5. Nf3 Nbd7 6. Be2 e5 7. O-O exd4 8. Nxd4 Nc5 9. f3 O-O 10. b4 Ne6 11. Nf5 Re8 12. a3 Bf8 13. Be3 c6 14. Qb3 g6 15. Nh6+ Bxh6 16. Bxh6 Nh5 17. g3 Qf6 18. Be3 Nhg7 19. Rad1 Qe7 20. Rfe1 f5 21. Bf2 f4 22. Kg2 Nh5 23. g4 Nf6 24. h4 Nd7 25. Rh1 Ne5 26. h5 g5 27. h6 Bd7 28. Qb2 Rad8 29. c5 dxc5 30. Na4 cxb4 31. Qxe5 bxa3 32.
Nc5 Nxc5 33. Qxc5 b6 34. Bc4+ Kf8 35. Qxe7+ Kxe7 36. Bd4 Be6 37. Bxe6 Kxe6 38. Bg7 b5 39. Ra1 b4 40. Rhb1 c5 0-1

[Event "*** Titled Tuesday Blitz"]
[Site "Chess.com"]
[Date "2021.02.16"]
[Round "3"]
[White "Kapitan_Bayan"]
[Black "seorobert1971"]
[Result "0-1"]
[WhiteElo "2462"]
[BlackElo "2716"]
[TimeControl "180+1"]
[EndTime "10:30:32 PST"]
[Termination "seorobert1971 won by resignation"]

1. d4 e6 2. Nf3 Nf6 3. Bg5 b6 4. Nbd2 Bb7 5. e4 h6 6. Bxf6 Qxf6 7. e5 Qe7 8. Bd3 d6 9. O-O Nd7 10. exd6 cxd6 11. Re1 Nf6 12. Bb5+ Nd7 13. c4 a6 14. Bxd7+ Qxd7 15. d5 e5 16. b4 Be7 17. c5 Bxd5 18. cxd6 Qxd6 19. Nxe5 O-O 20. Ndc4 Bxc4 21. Qxd6 Bxd6 22.
Nxc4 Bxb4 23. Nxb6 Rab8 24. Nd7 Bxe1 25. Nxb8 Bxf2+ 26. Kxf2 Rxb8 27. a4 Rb4 28. a5 Rb5 29.
Ra4 g6 30. h4 h5 31. Kf3 Kg7 32. g3 Kf6 33. Ra3 Kf5 34. Ra4 Rb3+ 35. Kg2 Rb5 36. Kf3 f6 37. Ra3 g5 38. hxg5 fxg5 39. Ra4 g4+ 40.
Kg2 Re5 41. Kf2 Re4 42. Rxe4 Kxe4 43. Ke2 Kd4 44. Kd2 Kc5 45. Ke3 Kb5 46. Kf4 Kxa5 47. Kg5 Kb6 48. Kxh5 a5 49. Kxg4 a4 50. Kf5 a3 51. g4 a2 52. g5 a1=Q 0-1

[Event "*** Titled Tuesday Blitz"]
[Site "Chess.com"]
[Date "2021.02.16"]
[Round "3"]
[White "akanga001"]
[Black "Olga_Zhuravleva"]
[Result "0-1"]
[WhiteElo "1964"]
[BlackElo "2308"]
[TimeControl "180+1"]
[EndTime "10:30:32 PST"]
[Termination "Olga_Zhuravleva won by checkmate"]

1. d4 g6 2. Nf3 Bg7 3. Bg5 d6 4. e3 c6 5. Bd3 Bg4 6. Nbd2 Nd7 7.
h3 Bxf3 8. Nxf3 e5 9. c3 Ne7 10. O-O O-O 11. e4 Re8 12. Re1 Qb6 13. a4 a5 14. Rb1 exd4 15. cxd4 Bxd4 16. Nxd4 Qxd4 17. Be3 Qb4 18. Bc2 Ne5 19. b3 d5 20. f4 Nd7 21.
Bd2 Qb6+ 22. Be3 Qc7 23. e5 c5 24. Rc1 d4 25. Bf2 Nd5 26. Qf3 N7b6 27. Be4 Nc3 28. Bxb7 Rab8 29. Bc6 Rec8 30. Be4 Nd7 31. Bg3 Rxb3 32. f5 Qb6 33. fxg6 hxg6 34. Bc2 Rb2 35. e6 fxe6 36. Bxg6 Rf8 37. Qh5 Nf6 38. Qh6 Ne2+ 39. Rxe2 Rxe2 40. Bh4 Qb7 41. Bd3 Qxg2# 0-1

[Event "*** Titled Tuesday Blitz"]
[Site "Chess.com"]
[Date "2021.02.16"]
[Round "3"]
[White "AryanTari"]
[Black "GoltsevDmitry2000"]
[Result "1-0"]
[WhiteElo "2910"]
[BlackElo "2637"]
[TimeControl "180+1"]
[EndTime "10:30:33 PST"]
[Termination "AryanTari won by resignation"]

1. d4 Nf6 2. Nf3 d5 3. Bf4 Bf5 4. e3 e6 5. Bd3 Bg6 6. O-O Bd6 7.
Ne5 Nbd7 8. Nxg6 hxg6 9. Bxd6 cxd6 10. Nd2 e5 11. c3 Qc7 12. a4 Ke7 13. f4 Rae8 14.
a5 Kf8 15. a6 b6 16. Rc1 Qc8 17. c4 Qxa6 18. Qb3 Qb7 19. cxd5 exd4 20. e4 Nc5 21. Qa3 Nfxe4 22. Nxe4 Nxe4 23. Bxe4 Rxe4 24. Qxd6+ Kg8 25. Rc7 Qb8 26. Qd7 Kh7 27. Qh3+ Kg8 28. Rc8+ Qxc8 29.
Qxc8+ Kh7 30. Qh3+ Kg8 31. Qc8+ Kh7 32. Qc7 d3 33.
Qc3 Re3 34. Qd4 Rhe8 35. d6 Re2 36. d7 Rd8 37. f5 Re7 38. Qh4+ 1-0

[Event "*** Titled Tuesday Blitz"]
[Site "Chess.com"]
[Date "2021.02.16"]
[Round "3"]
[White "AustrianFalcon"]
[Black "muchojogo"]
[Result "0-1"]
[WhiteElo "2519"]
[BlackElo "2347"]
[TimeControl "180+1"]
[EndTime "10:30:33 PST"]
[Termination "muchojogo won by resignation"]

1. e4 c5 2. Nf3 d6 3. Nc3 Nf6 4.
d4 cxd4 5. Nxd4 a6 6. a4 e5 7. Nf3 Be7 8. Bc4 Qc7 9. Bb3 Be6 10.
O-O Nbd7 11. Bxe6 fxe6 12. Ng5 Nf8 13. f4 exf4 14. Bxf4 Qb6+ 15. Kh1 Qxb2 16. Qd3 Rc8 17. Bd2 Qb6 18. Rab1 Qc7 19. e5 dxe5 20. Qh3 Qc6 21.
a5 Bd8 22. Rxf6 Bxf6 23. Rb6 Qd7 24. Nxe6 Nxe6 25. Rxe6+ Be7 26. Bg5 O-O 27. Ne2 Rf1+ 28. Ng1 Rxg1+ 29. Kxg1 Qd1+ 30. Kf2 Rxc2+ 31. Kg3 Rc3+ 32.
Kh4 Rxh3+ 33. Kxh3 Bxg5 0-1

[Event "*** Titled Tuesday Blitz"]
[Site "Chess.com"]
[Date "2021.02.16"]
[Round "3"]
[White "cstevens1"]
[Black "Chernov_Alexander_A"]
[Result "1-0"]
[WhiteElo "2643"]
[BlackElo "2291"]
[TimeControl "180+1"]
[EndTime "10:30:33 PST"]
[Termination "cstevens1 won by resignation"]

1. e4 c6 2. Nf3 d5 3. exd5 cxd5 4. Ne5 Nc6 5. Bb5 Bd7 6. Nxd7 Qxd7 7. d4 a6 8. Ba4 Nf6 9. c3 e6 10. O-O g6 11.
Re1 Bg7 12. Nd2 O-O 13. Nf3 b5 14. Bc2 Rfc8 15. Bd3 Rab8 16. Bf4 Ra8 17. a3 Na5 18.
Ne5 Qb7 19. h4 Nc4 20. Qe2 a5 21. g4 h5 22. g5 Ne8 23. Nxg6 fxg6 24. Bxg6 Ra6 25.
Qxh5 Qe7 26. Qh7+ Kf8 27. h5 e5 28. dxe5 Rxg6 29. Qxg6 Qf7 30. Qxf7+ Kxf7 31. e6+ Kg8 32. h6 Bh8 33. g6 Bf6 34. Rad1 Rd8 35. e7 Rd7 36. Re6 Rxe7 37. Rxe7 Bxe7 38. Re1 Kf8 39. g7+ Kf7 40. Rxe7+ 1-0

[Event "*** Titled Tuesday Blitz"]
[Site "Chess.com"]
[Date "2021.02.16"]
[Round "3"]
[White "A-S-00"]
[Black "Evachess2006"]
[Result "1-0"]
[WhiteElo "2299"]
[BlackElo "1609"]
[TimeControl "180+1"]
[EndTime "10:30:33 PST"]
[Termination "A-S-00 won by checkmate"]

1. e4 e5 2. Nf3 Nc6 3. Bb5 a6 4. Ba4 Nf6 5. O-O Be7 6. c3 b5 7. Bb3 Kf8 8. Re1 d5 9. exd5 Nxd5 10. Nxe5 Nxe5 11. Rxe5 c6 12. d4 Bd6 13. Re1 Qh4 14.
g3 Qh3 15. Qf3 Bg4 16. Qg2 Qh5 17. Nd2 g6 18. f3 Bh3 19. Qf2 Kg7 20. Ne4 Rad8 21.
g4 Bxg4 22. fxg4 Qxg4+ 23. Qg2 h5 24. Nxd6 Rxd6 25. Qxg4 hxg4 26. Kg2 Re6 27. Rxe6 fxe6 28. Bxd5 exd5 29. Bf4 Re8 30. Be5+ Kh6 31. Rf1 Kh5 32. Rf7 Re6 33. Kg3 Kg5 34. Bf4+ Kh5 35. Rh7# 1-0

[Event "*** Titled Tuesday Blitz"]
[Site "Chess.com"]
[Date "2021.02.16"]
[Round "3"]
[White "LileKoridze"]
[Black "rozabaku"]
[Result "1-0"]
[WhiteElo "2376"]
[BlackElo "2205"]
[TimeControl "180+1"]
[EndTime "10:30:35 PST"]
[Termination "LileKoridze won on time"]

1. d4 Nf6 2. c4 g6 3. Nc3 d5 4. Nf3 Bg7 5. Bg5 Ne4 6. cxd5 Nxc3 7. bxc3 Qxd5 8. e3 c5 9. Be2 Nc6 10. O-O cxd4 11. cxd4 O-O 12. Rc1 Bg4 13. Bf4 Qxa2 14. h3 Bf5 15. Bc4 Qa5 16. Ng5 Nd8 17. Bc7 Qb4 18.
Qf3 Bf6 19. Ne4 Bg7 20. Ng5 Bf6 21. h4 h6 22. e4 Bd7 23. e5 hxg5 24. exf6 exf6 25.
Qxf6 Ne6 26. Be5 1-0

[Event "*** Titled Tuesday Blitz"]
[Site "Chess.com"]
[Date "2021.02.16"]
[Round "3"]
[White "Smile2005"]
[Black "Kaiyrbekov"]
[Result "1-0"]
[WhiteElo "2344"]
[BlackElo "2109"]
[TimeControl "180+1"]
[EndTime "10:30:35 PST"]
[Termination "Smile2005 won on time"]

1. Nf3 d5 2. g3 c5 3. Bg2 Nc6 4. O-O e5 5. d3 Nf6 6. e4 d4 7. a4 Bd6 8. Na3 O-O 9. Nc4 Bc7 10. Bd2 Be6 11. b3 a6 12. Ng5 b5 13. Nxe6 fxe6 14. axb5 axb5 15. Nb2 Qe7 16. Qe2 Ba5 17. Bxa5 Rxa5 18. Rxa5 Nxa5 19. Ra1 Nc6 20. Bh3 Nb4 21. Ra5 Qd7 22. Nd1 Ne8 23. c3 dxc3 24. Nxc3 Nc7 25. Ra7 Nc6 26. Rb7 Nd4 27. Qg4 Nf3+ 28. Kg2 Qf7 29. Rxc7 Ne1+ 30. Kh1 Qxc7 31. Qxe6+ Kh8 32. Nd5 Qf7 33. f4 Qxe6 34. Bxe6 exf4 35. Nxf4 Rd8 36.
Bd5 g6 37. Ne6 Re8 38. Nxc5 Re7 39. Kg1 b4 40. Kf2 Nc2 41. Ke2 Nd4+ 42. Ke3 1-0

[Event "*** Titled Tuesday Blitz"]
[Site "Chess.com"]
[Date "2021.02.16"]
[Round "3"]
[White "Sir_Frankie_Crisp"]
[Black "dukicz123"]
[Result "1-0"]
[WhiteElo "2287"]
[BlackElo "2469"]
[TimeControl "180+1"]
[EndTime "10:30:37 PST"]
[Termination "Sir_Frankie_Crisp won on time"]

1. e4 e5 2. Nf3 Nc6 3. Bb5 a6 4. Ba4 Nf6 5. O-O Be7 6. Re1 b5 7. Bb3 O-O 8. a4 Bb7 9. Nc3 b4 10. Nd5 d6 11. Nxe7+ Nxe7 12. d3 Ng6 13. a5 c5 14. h3 h6 15. Be3 Qe7 16. Nd2 Nh7 17.
Qh5 Kh8 18. Nc4 Rad8 19. Nb6 Nf6 20. Qf3 Kh7 21. Rf1 Qe8 22. g4 Nd7 23. Nd5 Ne7 24.
Nxe7 Qxe7 25. Qg3 Rg8 26. f4 exf4 27. Bxf4 Ne5 28. Bxe5 Qxe5 29. Qxe5 dxe5 30. Rxf7 Bc6 31. Rc7 Rc8 32. Ra7 Bb5 33. Bxg8+ Kxg8 34. Rf1 Be8 35. b3 Rc6 36. Re7 Bg6 37. Rxe5 Kh7 38. Rf8 Rc7 39. Re6 c4 40. bxc4 Rb7 41. Rb6 Rd7 42. Rxb4 1-0

[Event "*** Titled Tuesday Blitz"]
[Site "Chess.com"]
[Date "2021.02.16"]
[Round "3"]
[White "MITerryble"]
[Black "vovachesss"]
[Result "1-0"]
[WhiteElo "2928"]
[BlackElo "2658"]
[TimeControl "180+1"]
[EndTime "10:30:38 PST"]
[Termination "MITerryble won by resignation"]

1. d4 Nf6 2. Nf3 d6 3. Bg5 Ne4 4. Bh4 Nd7 5. e3 Ndf6 6. Bd3 Bf5 7.
Nbd2 g6 8. Bxf6 Nxf6 9. Bxf5 gxf5 10. c4 Qd7 11. Qb3 O-O-O 12. O-O-O Rg8 13. g3 Ne4 14. Rhf1 e6 15. Kb1 Bg7 16. Qc2 d5 17. Nb3 Kb8 18. c5 Qa4 19. Rd3 Bf6 20. Rc1 c6 21.
Ng1 h5 22. f3 Ng5 23. Qf2 h4 24. gxh4 Nh7 25. Nd2 Qa5 26. Ra3 Qc7 27. f4 Rg4 28.
Ngf3 Rdg8 29. Ng5 Nf8 30. h3 R4xg5 31. hxg5 Bd8 32. h4 Rh8 33. Nf3 Ng6 34. Rh1 f6 35. h5 fxg5 36. fxg5 f4 37. Qg2 Ne7 38. exf4 Qxf4 39.
Qh2 Bc7 40. Qxf4 Bxf4 41. Rd3 Nf5 42. g6 Bh6 43. Ne5 Ng3 44. Rxg3 1-0

[Event "*** Titled Tuesday Blitz"]
[Site "Chess.com"]
[Date "2021.02.16"]
[Round "3"]
[White "johnathan113"]
[Black "lilleper1"]
[Result "0-1"]
[WhiteElo "2607"]
[BlackElo "2841"]
[TimeControl "180+1"]
[EndTime "10:30:38 PST"]
[Termination "lilleper1 won on time"]

1. d4 Nf6 2. Nc3 d5 3. Bf4 c5 4. e3 cxd4 5. exd4 a6 6. Bd3 Nc6 7. Nge2 e6 8. Qd2 Be7 9. O-O-O b5 10. f3 Qa5 11. a3 b4 12. axb4 Nxb4 13. Kb1 Bd7 14.
Nc1 O-O 15. Nb3 Qb6 16. Be5 Rfc8 17. Nc5 Rxc5 18. dxc5 Qxc5 19. Na2 Nc6 20. Bg3 a5 21. Rhe1 a4 22. Bf2 d4 23. f4 Rb8 24. Ka1 Nd5 25.
Be4 Qb5 26. Rb1 Bf6 27. Qd3 Qa5 28. Bxh7+ Kf8 29. Be4 Ncb4 30. Qa3 Kg8 31. Rbd1 d3 32. c3 Nc2+ 33. Kb1 Nxa3+ 0-1

[Event "*** Titled Tuesday Blitz"]
[Site "Chess.com"]
[Date "2021.02.16"]
[Round "3"]
[White "RD4ever"]
[Black "anon481216"]
[Result "1-0"]
[WhiteElo "2861"]
[BlackElo "2455"]
[TimeControl "180+1"]
[EndTime "10:30:38 PST"]
[Termination "RD4ever won by checkmate"]

1. d4 d5 2. c4 dxc4 3. e4 Nf6 4. e5 Nd5 5. Bxc4 Nb6 6. Bd3 Nc6 7. Be3 Nb4 8. Be4 f5 9. a3 fxe4 10. axb4 Bf5 11. Ne2 e6 12. b5 Nd5 13. Nbc3 Bb4 14. O-O O-O 15. Qb3 Bxc3 16. bxc3 Qh4 17. Ng3 Bg6 18. c4 Nf4 19. Bxf4 Qxf4 20. Qe3 Qh4 21. Ra2 a5 22. bxa6 Rxa6 23. Rxa6 bxa6 24. Ra1 Ra8 25. Ra5 h6 26. h3 Kh7 27. Ne2 Qe7 28. Nf4 Qb4 29. Rc5 Bf5 30. g4 Qb1+ 31. Kg2 g5 32. Rxc7+ Kh8 33. Nh5 Bg6 34. Nf6 a5 35. h4 a4 36.
hxg5 a3 37. Qh3 h5 38. Qxh5+ Bxh5 39. Rh7# 1-0

[Event "*** Titled Tuesday Blitz"]
[Site "Chess.com"]
[Date "2021.02.16"]
[Round "3"]
[White "KuzubovYuriy"]
[Black "stoleriu"]
[Result "1-0"]
[WhiteElo "2836"]
[BlackElo "2606"]
[TimeControl "180+1"]
[EndTime "10:30:39 PST"]
[Termination "KuzubovYuriy won by resignation"]

1. d4 e6 2. c4 Nf6 3. Nf3 Bb4+ 4. Bd2 Qe7 5. g3 O-O 6. Bg2 Bxd2+ 7. Qxd2 d6 8. Nc3 Re8 9. O-O e5 10. e4 Bg4 11. Ne1 exd4 12. Qxd4 Qe5 13. Qd2 Be6 14.
b3 Nc6 15. Nd3 Qd4 16. Rfe1 Ne5 17. Rad1 Nfg4 18. Nb5 Qxd3 19. Qxd3 Nxd3 20. Rxd3 Ne5 21. Rd2 Re7 22. f4 Nc6 23. Kf2 a6 24. Nc3 Kf8 25. e5 dxe5 26. Bxc6 bxc6 27. Rxe5 f6 28. Re3 Rae8 29. Na4 Bf7 30. Rxe7 Rxe7 31. Nc5 a5 32. Rd8+ Be8 33. Ra8 g5 34. f5 Kg7 35. g4 h5 36.
h3 hxg4 37. hxg4 Bf7 38. Rxa5 Re8 39. Ra7 Rh8 40. Rxc7 Rh2+ 41. Kg3 Rxa2 42. Rxc6 Rc2 43. Rc7 Rc3+ 44. Kf2 Kg8 45. Ne4 Rxb3 46. Nxf6+ Kf8 47. Nh7+ Ke8 48. Nxg5 1-0